 Dungeon Crawl Stone Soup version 0.27.1-1-g398f81649c (webtiles) character file.

Game seed: 4039682542082364197

19109 funkygono the Destroyer (level 12, -11/63 HPs)
             Began as a Gargoyle Fire Elementalist on Sept 5, 2021.
             Was a Priest of Vehumet.
             Mangled by Snorg (13 damage)
             ... on level 3 of the Lair of Beasts.
             The game lasted 00:41:31 (17601 turns).

funkygono the Destroyer (GrFE)                     Turns: 17601, Time: 00:41:31

Health: -11/63     AC: 16    Str: 11    XL:     12   Next: 65%
Magic:  14/26      EV: 12    Int: 28    God:    Vehumet [***...]
Gold:   782        SH:  0    Dex: 10    Spells: 7/32 levels left

rFire    . . .     SeeInvis +   b - +4 flail
rCold    . . .     Faith    .   (no shield)
rNeg     + . .     Spirit   .   w - +2 robe {Archmagi}
rPois    ∞         Reflect  .   k - +1 helmet {SInv}
rElec    +         Harm     .   A - +0 cloak
rCorr    .         Rampage  .   (no gloves)
Will     +....     Archmagi +   (no boots)
Stlth    ++........             (no amulet)
HPRegen  0.20/turn              g - ring of willpower
MPRegen  0.20/turn              u - +6 ring of intelligence

@: studying 2 skills
A: sickness immunity, AC +8, negative energy resistance 1, electricity
resistance, torment resistance 1, petrification resistance
a: Renounce Religion


You were on level 3 of the Lair of Beasts.
You worshipped Vehumet.
Vehumet was most pleased with you.
You visited 3 branches of the dungeon, and saw 12 of its levels.
You also visited: Sewer.

You collected 782 gold pieces.

Inventory:

Hand Weapons
 b - a +4 flail (weapon)
 t - a +1 whip of venom
Armour
 h - +2 steam dragon scales
 k - a +1 helmet of see invisible (worn)
 v - a +0 buckler
 w - a +2 robe of the Archmagi (worn)
 A - a +0 cloak (worn)
Magical Staves
 j - a staff of air
Jewellery
 g - a ring of willpower (left hand)
 u - a +6 ring of intelligence (right hand)
 x - a ring of see invisible
Wands
 o - a wand of iceblast (8)
Scrolls
 f - a scroll of amnesia
 r - a scroll of summoning
 s - 4 scrolls of identify
Potions
 a - a potion of cancellation
 c - 3 potions of curing
 d - a potion of brilliance
 e - 2 potions of heal wounds
 i - a potion of berserk rage
 l - a potion of flight
 m - 3 potions of mutation
 n - a potion of ambrosia
 p - a potion of lignification
 q - 2 potions of haste


   Skills:
 + Level 2.3 Fighting
 + Level 2.1 Maces & Flails
 + Level 5.4 Armour
 + Level 3.6 Dodging
 - Level 2.1 Stealth
 * Level 10.9 Spellcasting
 * Level 11.6 Conjurations
 * Level 9.7 Fire Magic
 * Level 7.1 Earth Magic


You had 7 spell levels left.
You knew the following spells:

 Your Spells              Type           Power      Damage    Failure   Level
a - Foxfire               Conj/Fire      100%       2x1d9     1%          1
b - Conjure Flame         Conj/Fire      85%        6-21      1%          3
c - Sticky Flame          Conj/Fire      85%        2d10      1%          4
d - Fireball              Conj/Fire      42%        3d17      1%          5
e - Stone Arrow           Conj/Erth      100%       3d13      1%          3
f - Ignite Poison         Fire/Tmut/Pois 50%        N/A       1%          3
g - Starburst             Conj/Fire      42%        6d12      1%          6

Your spell library contained the following spells:

 Spells                   Type           Power      Damage    Failure   Level
 Frozen Ramparts          Ice            44%        1d6       3%          3
 Dazzling Flash           Conj/Hex       100%       N/A       1%          3
 Inner Flame              Hex/Fire       59%        N/A       1%          3
 Iskenderun's Mystic Bla  Conj/Tloc      64%        2d13      1%          4
 Corona                   Hex            24%        N/A       3%          1
 Iron Shot                Conj/Erth      40%        9d8       3%          6
 Call Imp                 Summ           22%        N/A       5%          2
 Corpse Rot               Necr/Air       N/A        N/A       5%          2
 Ensorcelled Hibernation  Hex/Ice        44%        N/A       5%          2
 Animate Armour           Summ/Erth      100%       N/A       9%          4
 Summon Guardian Golem    Hex/Summ       22%        N/A       11%         3
 Tukima's Dance           Hex            22%        N/A       11%         3
 Yara's Violent Unravell  Hex/Tmut       11%        3d6       26%         5
 Dispel Undead            Necr           22%        3d12      36%         4
 Passage of Golubria      Tloc           N/A        N/A       36%         4
 Blade Hands              Tmut           11%        N/A       71%         5
 Death Channel            Necr           11%        N/A       99%         6
 Malign Gateway           Summ/Tloc      11%        N/A       100%        7
 Lehudib's Crystal Spear  Conj/Erth      40%        10d10     75%         8
 Summon Horrible Things   Summ           11%        N/A       100%        8


Dungeon Overview and Level Annotations

Branches:
Dungeon (8/15)             Temple (1/1) D:4            Lair (3/6) D:8
 Shoals (0/4) Lair:3        Sewer (visited)
  Snake: Lair:2-4    Spider: Lair:2-4

Altars:
Ashenzari
Cheibriados
Dithmenos
Elyvilon
Fedhas
Gozag
Hepliaklqana
Kikubaaqudgha
Makhleb
Nemelex Xobeh
Okawaru
Qazlal
Ru
Sif Muna
Trog
Uskayaw
Vehumet
Wu Jian
Yredelemnul
Zin
The Shining One

Shops:
D:3 (

Annotations:
Lair:1 3 runed translucent doors, blacksnow's ghost, journeyman HOBe
Lair:3 Snorg


Innate Abilities, Weirdness & Mutations

You are immune to sickness and miasma.
Your stone body is resilient. (AC +8)
You are immune to poison.
You resist negative energy. (rN+)
You are resistant to electric shocks. (rElec)
You are resistant to unholy torment.
You are immune to petrification.


Message History

Confirm with . or Enter, or press ? or * to list all spells.
Okay, then.
Casting: Stone Arrow (safe; 1% risk of failure)
Confirm with . or Enter, or press ? or * to list all spells.
Aiming: Stone Arrow (safe; 1% risk of failure)
Press: ? - help, Shift-Dir - straight line, f/p - Snorg
Aim: Snorg (lightly wounded, berserk, 78% to hit)
You feel a surge of power!
The stone arrow hits Snorg!!
Snorg is moderately wounded.
Unknown command.
Casting: Stone Arrow (safe; 1% risk of failure)
Confirm with . or Enter, or press ? or * to list all spells.
Aiming: Sticky Flame (safe; 1% risk of failure)
Press: ? - help, Shift-Dir - straight line, f/p - Snorg
Aim: Snorg (moderately wounded, berserk, 100% to hit)
You feel a surge of power!
The sticky flame hits Snorg!
Snorg is moderately wounded.
Snorg is covered in liquid flames!
A nearby fungus withers and dies.
Snorg burns!
Snorg bites you!! Snorg closely misses you. Snorg barely misses you.
Snorg bites you! Snorg claws you but does no damage. Snorg claws you.
Snorg burns!
Snorg burns!
Snorg closely misses you. Snorg claws you. Snorg claws you!
Snorg burns!
Casting: Sticky Flame (safe; 1% risk of failure)
Confirm with . or Enter, or press ? or * to list all spells.
Aiming: Stone Arrow (safe; 1% risk of failure)
Press: ? - help, Shift-Dir - straight line, f/p - Snorg
Aim: Snorg (heavily wounded, berserk, covered in liquid flames, 84% to hit)
You feel a surge of power!
The stone arrow hits Snorg!
Snorg is heavily wounded.
Snorg burns!
Snorg bites you.
* * * LOW HITPOINT WARNING * * *
Snorg misses you. Snorg barely misses you. Snorg bites you!
* * * LOW HITPOINT WARNING * * *
Snorg claws you but does no damage. x2
Snorg burns!
Snorg burns!
Snorg barely misses you. Snorg claws you but does no damage. Snorg claws you!
You die...

..P..............##
#..###
........P.........###..#
.......P.........).#...#
......................##
#
P..>...P.............##
# .....P...P...........#
# .P.....P.............#
## P..............^## #.
...P..........@...# ##
...............T...# #
..................##
#.................##
..................# ..#
##........P..## ..#
#####..###.#.# .# ##..
###... #.# ### .....


You could see Snorg (berserk, burning).

Vanquished Creatures
  3 hydras
  A death yak (Lair:3)
  A flayed ghost (D:8)
  An oklob plant (Lair:2)
  A black mamba (Lair:1)
  A torpor snail (Lair:3)
  A cane toad (Lair:2)
  An elephant (D:8)
  Psyche (D:8)
  Maggie (Lair:1)
  4 komodo dragons
  2 rime drakes
  2 polar bears
  2 trolls (D:7)
  9 blink frogs
  Sigmund (D:3)
  2 shadows (D:8)
  3 wraiths (D:8)
  3 basilisks
  22 yaks
  8 water moccasins
  2 sky beasts (D:6)
  3 ice beasts
  2 black bears
  3 ogres
  17 wolves
  5 centaurs
  2 phantoms
  2 kobold brigands (D:8)
  4 bullfrogs
  3 scorpions
  A water moccasin zombie (D:4)
  2 water moccasin skeletons
  2 howler monkeys
  A bullfrog zombie (D:6)
  3 jellies
  An orc priest (D:4)
  A gnoll shaman (D:6)
  3 centaur skeletons
  3 hounds
  Crazy Yiuf (D:7)
  4 iguanas
  3 orc wizards (D:4)
  A hound skeleton (D:5)
  8 adders
  5 gnolls (D:6)
  2 river rats (D:3)
  A shadow imp (D:8)
  A white imp (D:5)
  2 ufetubi
  2 worms
  4 dart slugs
  15 orcs
  15 bats
  9 endoplasms
  19 giant cockroaches
  4 goblins
  6 jackals
  16 kobolds
  7 quokkas
  15 ball pythons
  18 frilled lizards
  7 rats
295 creatures vanquished.

Vanquished Creatures (collateral kills)
  2 foxfires
2 creatures vanquished.

Vanquished Creatures (others)
  912 foxfires
  13 fungi
  32 plants
957 creatures vanquished.

Grand Total: 1254 creatures vanquished

Notes
Turn   | Place    | Note
-------+----------+-------------------------------------------
     0 | D:1      | funkygono the Gargoyle Fire Elementalist began the quest
                  | for the Orb.
     0 | D:1      | Reached XP level 1. HP: 10/10 MP: 3/3
   289 | D:1      | Reached XP level 2. HP: 15/15 MP: 3/5
  1164 | D:2      | Reached XP level 3. HP: 11/19 MP: 1/6
  1346 | D:2      | Learned a level 3 spell: Conjure Flame
  1919 | D:3      | Found Gyass's Antique Weapon Emporium.
  2372 | D:3      | Reached skill level 1 in Armour
  2372 | D:3      | Reached XP level 4. HP: 23/24 MP: 1/7
  2381 | D:3      | Found a glowing drain.
  2390 | Sewer    | Entered a sewer
  2617 | Sewer    | Reached skill level 2 in Conjurations
  2780 | Sewer    | Reached XP level 5. HP: 28/28 MP: 5/9
  3009 | Sewer    | Learned a level 4 spell: Sticky Flame
  3409 | Sewer    | Reached skill level 3 in Conjurations
  3409 | Sewer    | Reached XP level 6. HP: 32/32 MP: 5/11
  4098 | D:3      | Noticed Sigmund
  4108 | D:3      | Killed Sigmund
  4109 | D:3      | Reached XP level 7. HP: 20/37 MP: 4/13
  4258 | D:3      | Learned a level 5 spell: Fireball
  4293 | D:3      | Identified a scroll of acquirement
  4293 | D:3      | Acquired a +1 helmet of see invisible
  4419 | D:4      | Reached skill level 4 in Conjurations
  4736 | D:4      | HP: 1/37 [orc priest/divine providence (11)]
  4825 | D:4      | Reached skill level 5 in Fire Magic
  5007 | D:4      | Got Urgheyde's Grimoire of Calling
  5330 | D:4      | Reached skill level 5 in Spellcasting
  5330 | D:4      | Reached XP level 8. HP: 33/42 MP: 7/15
  5678 | D:4      | Found a staircase to the Ecumenical Temple.
  5693 | Temple   | Entered the Ecumenical Temple
  5743 | Temple   | Became a worshipper of Vehumet
  6268 | D:5      | Entered Level 5 of the Dungeon
  6338 | D:5      | Found an opulent altar of Gozag.
  6456 | D:5      | Reached skill level 1 in Fighting
  6456 | D:5      | Reached skill level 5 in Conjurations
  6936 | D:5      | Found a blossoming altar of Fedhas.
  6936 | D:5      | Found a glowing golden altar of the Shining One.
  6962 | D:5      | Learned a level 3 spell: Stone Arrow
  7686 | D:6      | Reached skill level 6 in Conjurations
  7686 | D:6      | Reached skill level 1 in Earth Magic
  7838 | D:6      | Reached XP level 9. HP: 47/47 MP: 9/17
  8906 | D:7      | Reached * piety under Vehumet
  8906 | D:7      | Offered knowledge of Freeze by Vehumet.
  9028 | D:7      | Noticed a troll
  9037 | D:7      | Killed a troll
  9038 | D:7      | Reached skill level 7 in Conjurations
  9178 | D:7      | Noticed a troll
  9184 | D:7      | Killed a troll
  9352 | D:7      | Found a runed translucent door.
  9353 | D:7      | Noticed Crazy Yiuf
  9429 | D:7      | Killed Crazy Yiuf
 10054 | D:8      | Noticed an elephant
 10067 | D:8      | Killed an elephant
 10068 | D:8      | Reached XP level 10. HP: 38/52 MP: 0/21
 10157 | D:7      | Reached skill level 8 in Conjurations
 10582 | D:8      | Noticed Psyche
 10593 | D:8      | Killed Psyche
 10608 | D:8      | Found a staircase to the Lair.
 10783 | D:8      | Reached skill level 5 in Armour
 11086 | D:8      | Found a runed translucent door.
 11104 | D:8      | Offered knowledge of Sandblast by Vehumet.
 11191 | D:8      | Found a sparkling altar of Nemelex Xobeh.
 11192 | D:8      | Reached ** piety under Vehumet
 11210 | D:8      | Noticed a flayed ghost
 11278 | D:8      | Found a white marble altar of Elyvilon.
 11293 | D:8      | Found an iron altar of Okawaru.
 11442 | D:8      | Found a hazy altar of Hepliaklqana.
 11464 | D:8      | Found a blossoming altar of Fedhas.
 11473 | D:8      | Found a stormy altar of Qazlal.
 11728 | D:8      | Killed a flayed ghost
 11729 | D:8      | Reached skill level 9 in Conjurations
 11949 | Lair:1   | Entered Level 1 of the Lair of Beasts
 12301 | Lair:1   | Noticed a five-headed hydra
 12313 | D:8      | Reached skill level 5 in Earth Magic
 12313 | D:8      | Reached XP level 11. HP: 43/56 MP: 20/24
 12412 | D:8      | Killed a five-headed hydra
 13037 | D:8      | Offered knowledge of Ignite Poison by Vehumet.
 13408 | Lair:1   | Reached skill level 10 in Conjurations
 14023 | Lair:1   | Reached *** piety under Vehumet
 14024 | Lair:1   | Reached skill level 10 in Spellcasting
 14030 | Lair:1   | Reached skill level 1 in Maces & Flails
 14034 | Lair:1   | Learned a level 3 spell: Ignite Poison
 14170 | Lair:1   | Found a runed translucent gate.
 14171 | Lair:1   | Found a runed translucent gate.
 14172 | Lair:1   | Found a runed translucent gate.
 14390 | Lair:1   | Noticed Maggie
 14395 | Lair:1   | Killed Maggie
 14727 | Lair:1   | Noticed blacksnow's ghost (journeyman HOBe)
 14908 | Lair:2   | Noticed a four-headed hydra
 14912 | Lair:2   | Killed a four-headed hydra
 14913 | Lair:2   | Reached XP level 12. HP: 39/62 MP: 18/26
 15680 | Lair:2   | Noticed a four-headed hydra
 15698 | Lair:2   | Killed a four-headed hydra
 16629 | Lair:2   | Reached skill level 11 in Conjurations
 16679 | Lair:2   | Learned a level 6 spell: Starburst
 16679 | Lair:2   | Upgraded the game from 0.27.1 to 0.27.1-1-g398f81649c
 16988 | Lair:3   | Offered knowledge of Frozen Ramparts by Vehumet.
 17074 | Lair:3   | Noticed a death yak
 17101 | Lair:3   | Killed a death yak
 17430 | Lair:3   | Found a staircase to the Shoals.
 17589 | Lair:3   | Noticed Snorg
 17599 | Lair:3   | HP: 2/63 [Snorg (16)]
 17601 | Lair:3   | Mangled by Snorg

Illustrated notes

Levels and vault maps discovered:
D:1:      saegor_arrival_simple_d, layout_basic
D:2:      layout_basic
D:3:      layout_loops_cross, gup_sewer_entry_bowl, serial_shops, shop,
          minmay_misc_feat_rugged, uniq_sigmund
D:4:      layout_basic, minmay_temple_entry_wispy, kennysheep_flooded_box,
          kennysheep_generic_room_11
D:5:      minmay_general_purpose_star, layout_basic,
          nicolae_gozag_cash_rules_everything_around_me,
          chequers_temple_overflow_statue_of_worship,
          hangedman_abyss_or_decor_passed
D:6:      layout_loops_ring
D:7:      layout_rooms, uniq_crazy_yiuf_cottage
D:8:      due_megacathedral, layout_basic, david_lair_generic, uniq_psyche
Temple:   hc_temple_tempest_star
Lair:1:   layout_cave_pods, ebering_ghost_rock_garden, uniq_maggie
Lair:2:   layout_misc_corridors, chequers_serial_rivers_micro_d,
          minmay_lair_oklob_chamber, grunt_megastairs_1,
          infiniplex_staircase_pool
Lair:3:   layout_cave_pods, minmay_shoals_entry_centaurs,
          grunt_forest_large_clearing_hut, uniq_snorg

Skill      XL: |  1  2  3  4  5  6  7  8  9 10 11 12 |
---------------+-------------------------------------+-----
Armour         | 1 2 3 4 5 |  5.4
Conjurations   | 2 3 4 6 7 9 10 11 | 11.6
Spellcasting   | 3 4 5 7 9 10 | 10.9
Fire Magic     | 4 5 6 7 9 |  9.7
Dodging        | 2 3 |  3.6
Fighting       | 1 2 |  2.3
Earth Magic    | 1 3 5 6 7 |  7.1
Maces & Flails | 1 2 |  2.1
Stealth        | |  2.1

Action                   |  1- 3 |  4- 6 |  7- 9 | 10-12 || total
-------------------------+-------+-------+-------+-------++-------
Melee: Whip              |    11 |     8 |       |       ||    19
       Flail             |       |       |    10 |    54 ||    64
 Cast: Foxfire           |    54 |    95 |   205 |   201 ||   555
       Stone Arrow       |       |       |    49 |   112 ||   161
       Fireball          |       |       |     4 |     3 ||     7
       Sticky Flame      |       |       |       |    37 ||    37
  Use: Scroll            |     1 |       |    17 |     7 ||    25
       Potion            |       |       |     7 |     2 ||     9
Armor: Robe              |     6 |       |       |   154 ||   160
       Leather armour    |     5 |    16 |    44 |    24 ||    89
Dodge: Dodged            |    16 |    22 |    44 |   201 ||   283
